 Dungeon Crawl Stone Soup version 0.29-a0-653-gd47aff6735 (webtiles) character file.

Game seed: 11505715418248776153

19 DocClef the Caller (level 2, 0/15 HPs)
             Began as a Tengu Summoner on June 21, 2022.
             Slain by an adder (2 damage)
             ... on level 2 of the Dungeon.
             The game lasted 00:00:51 (1051 turns).

DocClef the Caller (Tengu Summoner)                 Turns: 1051, Time: 00:00:52

Health: 0/15       AC:  2    Str:  8    XL:     2   Next: 75%
Magic:  5/6        EV: 12    Int: 15    God:
Gold:   58         SH:  0    Dex: 14    Spells: 4/5 levels left

rFire   . . .      SeeInvis .   g - +0 dagger
rCold   . . .      Faith    .   (no shield)
rNeg    . . .      Spirit   .   a - +0 robe
rPois   .          Reflect  .   (helmet restricted)
rElec   .          Harm     .   (no cloak)
rCorr   .          Rampage  .   (no gloves)
Will    .....                   (boots unavailable)
Stlth   ++........              (no amulet)
HPRegen 0.05/turn               (no ring)
MPRegen 0.10/turn               (no ring)

@: lethally poisoned (0 -> -6)
A: beak, talons 3
a: no special abilities


You were on level 2 of the Dungeon.
You visited 1 branch of the dungeon, and saw 2 of its levels.

You collected 58 gold pieces.

Inventory:

Hand Weapons
 g - a +0 dagger (weapon)
Armour
 a - a +0 robe (worn)
Scrolls
 c - 3 scrolls of identify {unknown}
 d - a scroll of enchant weapon {unknown}
 e - a scroll of silence {unknown}
Potions
 b - a potion of magic
 f - 2 potions of flight {unknown}
 h - a potion of mutation {unknown}


   Skills:
 - Level 2.1 Dodging
 - Level 2.0 Stealth
 - Level 2.0 Spellcasting
 + Level 5.7 Summonings


You had 4 spell levels left.
You knew the following spells:

 Your Spells              Type           Power      Damage    Failure   Level
a - Summon Small Mammal   Summ           72%        N/A       1%          1

Your spell library contained the following spells:

 Spells                   Type           Power      Damage    Failure   Level
 Call Imp                 Summ           18%        N/A       3%          2
 Call Canine Familiar     Summ           18%        N/A       6%          3
 Summon Guardian Golem    Hex/Summ       10%        N/A       21%         3
 Summon Lightning Spire   Summ/Air       10%        N/A       56%         4
 Olgreb's Toxic Radiance  Pois           1%         N/A       91%         4
 Ozocubu's Refrigeration  Ice            0%         4d5       100%        7
 Ignition                 Fire           0%         3d3       100%        8


Dungeon Overview and Level Annotations

Branches:
Dungeon (2/15)

Altars:


Innate Abilities, Weirdness & Mutations

You have a beak for a mouth.
You have claws for feet.


Message History

The endoplasm barely misses your quokka.
The hobgoblin closely misses you.
Your rat bites the adder but does no damage.
Your quokka bites the hobgoblin.
The hobgoblin dies!
Found 6 gold pieces.
The adder closely misses your quokka. The adder barely misses you.
Your quokka bites the adder.
The endoplasm closely misses your quokka.
Your rat misses the adder.
Unknown command.
You hit the adder but do no damage. You claw the adder, but do no damage.
Your peck misses the adder. The adder bites your quokka. The adder bites you.
You are poisoned.
The adder poisons you!
Your quokka closely misses the adder.
The endoplasm closely misses your quokka.
Your rat bites the adder.
Unknown command.
You completely miss the adder. You peck the adder, but do no damage.
The adder is lightly wounded.
You feel sick. The adder bites your quokka.
Your quokka dies!
Your quokka's corpse disappears in a puff of smoke!
The adder completely misses you.
Your rat closely misses the adder.
Unknown command.
The adder attacks as you move away! The adder bites you.
You feel sick. The adder bites you but does no damage.
Your rat completely misses the adder.
You feel sick. The endoplasm attacks as you move away!
The endoplasm hits you but does no damage.
You feel sick.
Your rat bites the endoplasm.
The adder closely misses you.
You see here a bat corpse.
The adder attacks as you move away! The adder bites you.
You are lethally poisoned!
The adder poisons you!
* * * LOW HITPOINT WARNING * * *
You feel sick.
There is a stone staircase leading up here.
* * * LOW HITPOINT WARNING * * *
You feel sick. The adder bites you but does no damage. The adder bites you.
You die...

... ... .. .. #..
... .. ....
#..###. ....
#...... .....
.......####... .
......S@#... .#
......SS#.###..#
.......J.......##
......r..........
.........†.......
.................
........#.....###
........#..##...
.....<....## ####


You could see 3 adders, an endoplasm and a friendly rat (summoned).

Vanquished Creatures
  A dart slug (D:2)
  An endoplasm (D:1)
  2 goblins (D:1)
  A hobgoblin (D:1)
  A ball python (D:1)
  A frilled lizard (D:1)
  A rat (D:1)
8 creatures vanquished.

Vanquished Creatures (collateral kills)
  A goblin (D:1)
  3 hobgoblins
  A quokka (D:1)
  2 bats
7 creatures vanquished.

Grand Total: 15 creatures vanquished

Notes
Turn   | Place    | Note
-------+----------+-------------------------------------------
     0 | D:1      | DocClef the Tengu Summoner began the quest for the Orb.
     0 | D:1      | Reached XP level 1. HP: 10/10 MP: 4/4
   251 | D:1      | Reached skill level 5 in Summonings
   494 | D:1      | Reached XP level 2. HP: 5/15 MP: 4/6
  1051 | D:2      | Slain by an adder

Illustrated notes

Levels and vault maps discovered:
D:1:      dpeg_arrival_tiny_g, layout_loops_ring
D:2:      layout_rooms, hellmonk_ecumenical_altar_run_dry, minmay_pentomino_u4

Skill      XL: |  1 |
---------------+----+-----
Summonings     | 5 |  5.7
Dodging        | |  2.1
Stealth        | |  2.0
Spellcasting   | |  2.0

Action                   || total
-------------------------++-------
Melee: Unarmed           ||     7
       Dagger            ||    22
       Peck              ||     5
       Kick              ||     8
       Punch             ||     1
 Cast: Summon Small Mamm ||    10
 Stab: Sleeping          ||     3
Armor: Robe              ||     7
Dodge: Dodged            ||    26

Table legend: (Time is in decaauts)
 A = Elapsed time spent in this place.
 B = Non-inter-level travel time spent in this place.
 C = Inter-level travel time spent in this place.
 D = Time resting spent in this place.
 E = Time spent auto-exploring this place.
 F = Levels seen in this place.
 G = Mean time per level.
                   A        B        C        D        E       F      G
               +--------+--------+--------+--------+--------+-----+--------+
         Total |   1050 |   1020 |     30 |     68 |    844 |   2 |  525.0 |
       Dungeon |   1050 |   1020 |     30 |     68 |    844 |   2 |  525.0 |
               +--------+--------+--------+--------+--------+-----+--------+

Top non-repeatable levels by time:
     D:1: 1026 daAuts
     D:2: 23 daAuts
